 Dungeon Crawl Stone Soup version 0.30-a0-1008-g30c9307041 (webtiles) character file.

Game seed: 17245415905322001939

156 PimpSugar the Magician (level 5, -1/37 HPs)
             Began as a Demonspawn Hedge Wizard on Apr 5, 2023.
             Was an Initiate of Vehumet.
             Slain by Edmund
             ... wielding a +2 flail of holy wrath
              (4 damage)
             ... on level 4 of the Dungeon.
             The game lasted 00:09:12 (2980 turns).

PimpSugar the Magician (Demonspawn Hedge Wizard)    Turns: 2980, Time: 00:09:12

Health: -1/37      AC:  5    Str: 10    XL:     5   Next: 15%
Magic:  7/10       EV: 12    Int: 18    God:    Vehumet [......]
Gold:   99         SH:  0    Dex: 12    Spells: 2/11 levels left

rFire   . . .      SeeInvis .    u - +4 shortbow of Enust {freeze, rElec rN++ Will-}
rCold   . . .      Faith    .    (shield currently unavailable)
rNeg    + + .      Spirit   .    b - +1 robe
rPois   .          Reflect  .    c - +0 hat
rElec   +          Rampage  .    (no cloak)
rCorr   +                        (no gloves)
Will    .....                    (no boots)
Stlth   ++                       (no amulet)
HPRegen 0.26/turn                q - ring of resist corrosion
MPRegen 0.12/turn                (no ring)

@: no status effects
A: horns 1, icy blue scales 1, demonic guardian 1
a: Renounce Religion


You were on level 4 of the Dungeon.
You worshipped Vehumet.
Vehumet was noncommittal.
You visited 2 branches of the dungeon, and saw 5 of its levels.

You collected 99 gold pieces.

Inventory:

Hand Weapons
 a - a +0 dagger
 u - the +4 shortbow of Enust (weapon) {freeze, rElec rN++ Will-}
   (You found it on level 4 of the Dungeon)

   rElec:     It insulates you from electricity.
   rN:        It greatly protects you from negative energy.
   Will:      It decreases your willpower.
Missiles
 h - 9 boomerangs of dispersal
 i - 43 stones
 l - 3 poisoned darts
 r - 6 boomerangs
Armour
 b - a +1 robe (worn)
 c - a +0 hat (worn)
Jewellery
 m - a ring of ice
 q - a ring of resist corrosion (left hand)
Wands
 f - a wand of charming (13)
 n - a wand of mindburst (14)
Scrolls
 e - 2 scrolls of fog
 g - 2 scrolls of noise
 k - a scroll of poison
Potions
 d - a potion of magic
 o - a potion of flight
 p - a potion of degeneration
 s - a potion of invisibility {unknown}
 t - a potion of attraction


   Skills:
 + Level 1.4 Fighting
 + Level 2.2 Dodging
 + Level 2.2 Stealth
 * Level 3.6 Spellcasting
 * Level 2.5 Conjurations
 + Level 1.0 Hexes
 + Level 1.6 Summonings
 - Level 1.1 Translocations
 + Level 0.3 Air Magic
 + Level 0.4 Evocations


You had 2 spell levels left.
You knew the following spells:

 Your Spells              Type           Power      Damage    Failure   Level
a - Magic Dart            Conj           48%        1d5       5%          1
b - Call Imp              Summ           9%         N/A       12%         2
c - Vhi's Electric Charg  Tloc/Air       10%        N/A       34%         3
d - Slow                  Hex            28%        N/A       10%         1
e - Blink                 Tloc           14%        N/A       14%         2

Your spell library contained the following spells:

 Spells                   Type           Power      Damage    Failure   Level
 Cigotuvi's Dreadful Rot  Necr/Pois/Air  6%         N/A       22%         2
 Mephitic Cloud           Conj/Pois/Air  6%         N/A       30%         3
 Arcjolt                  Conj/Air       4%         1d14      93%         5
 Maxwell's Capacitive Co  Air            2%         ∞         100%        8


Dungeon Overview and Level Annotations

Branches:
Dungeon (4/15)             Temple (1/1) D:4

Altars:
Ashenzari
Cheibriados
Fedhas
Hepliaklqana
Kikubaaqudgha
Nemelex Xobeh
Okawaru
Qazlal
Ru
Sif Muna
Trog
Vehumet
Wu Jian
Xom
Yredelemnul

Annotations:
D:4 Edmund


Innate Abilities, Weirdness & Mutations

You have a pair of small horns on your head.
You are partially covered in icy blue scales. (AC +2)
A weak demonic guardian rushes to your aid.


Message History

Fire: u) +4 shortbow of Enust {freeze, rElec rN++ Will-}
Press: ? - help, Q - select action, (/) - cycle Shift-Dir - straight line, f - Edmund
Aim: Edmund, wielding a +2 flail of holy wrath and wearing a +0 ring mail (65% to hit)
You shoot an arrow. The arrow barely misses Edmund.
Casting: Slow (safe; 10% risk of failure)
Confirm with . or Enter, or press ? or * to list all spells.
You blink.
The ogre barely misses you.
Fire: u) +4 shortbow of Enust {freeze, rElec rN++ Will-}
Press: ? - help, Q - select action, (/) - cycle Shift-Dir - straight line, f/p - Edmund
Aim: Edmund, wielding a +2 flail of holy wrath and wearing a +0 ring mail (65% to hit)
You shoot an arrow. The arrow barely misses Edmund.
The ogre closely misses you.
Edmund hits you with a +2 flail of holy wrath!
You convulse!
The ogre attacks as you move away! The ogre hits you with a +0 giant club!
* * * LOW HITPOINT WARNING * * *
Casting: Blink (safe; 14% risk of failure)
Confirm with . or Enter, or press ? or * to list all spells.
A beastly little devil appears in a puff of frigid air.
You feel stable enough to blink again. Edmund misses you.
Edmund attacks as you move away!
Edmund hits you with a +2 flail of holy wrath.
* * * LOW HITPOINT WARNING * * *
You convulse.
* * * LOW HITPOINT WARNING * * *
You swap places.
The ogre hits your white imp with a +0 giant club!!
Your white imp dies!
Your white imp disappears in a puff of smoke!
You feel much better.
Edmund says, "Everyone always remembers my brother. 'Who's Edmund?' they ask!"
Edmund hits you with a +2 flail of holy wrath!
You convulse.
* * * LOW HITPOINT WARNING * * *
Edmund attacks as you move away!
Edmund hits you with a +2 flail of holy wrath!
* * * LOW HITPOINT WARNING * * *
You convulse.
You die...

#.# #.............# .
#.###.#.#........(#
..###.##..#.###.......# ##
....#....##...###.....#)...
#......#........#...'....
#####...##..>..##...###....
......#........#O.### ..
###.#...###...##@##
#.......###.#.@#
####......#.#.##
###.##..... .###.#.#
......# ## ###


You could see Edmund and an ogre.

Vanquished Creatures
  2 adders
  A dart slug (D:1)
  2 endoplasms (D:1)
  4 giant cockroaches
  5 goblins
  5 hobgoblins
  2 kobolds (D:1)
  6 ball pythons
  8 bats
  4 frilled lizards
  3 rats
42 creatures vanquished.

Vanquished Creatures (collateral kills)
  A phantom (D:4)
  2 worms
  A ball python (D:2)
  A hobgoblin (D:2)
  2 kobolds
  2 bats
  3 goblins
12 creatures vanquished.

Grand Total: 54 creatures vanquished

Notes
Turn   | Place    | Note
-------+----------+-------------------------------------------
     0 | D:1      | PimpSugar the Demonspawn Hedge Wizard began the quest for
                  | the Orb.
     0 | D:1      | Reached XP level 1. HP: 13/13 MP: 4/4
   132 | D:1      | Reached skill level 1 in Translocations
   345 | D:1      | Gained mutation: You have a pair of small horns on your
                  | head. [demonic ancestry]
   345 | D:1      | Reached XP level 2. HP: 19/19 MP: 0/6
   438 | D:1      | Learned a level 2 spell: Call Imp
   441 | D:1      | Learned a level 2 spell: Blink
   443 | D:1      | Learned a level 1 spell: Slow
   923 | D:2      | Reached XP level 3. HP: 25/25 MP: 4/7
  1352 | D:2      | Reached skill level 1 in Fighting
  1621 | D:3      | Gained mutation: You are partially covered in icy blue
                  | scales. (AC +2) [demonic ancestry]
  1621 | D:3      | Reached XP level 4. HP: 21/32 MP: 3/9
  1693 | D:3      | You fall into a shaft and drop 1 floor!
  2076 | D:3      | Learned a level 3 spell: Vhi's Electric Charge
  2300 | D:3      | Found an ancient bone altar of Kikubaaqudgha.
  2303 | D:3      | Found a basalt altar of Yredelemnul.
  2303 | D:3      | Found a radiant altar of Vehumet.
  2304 | D:3      | Found an ornate altar of the Wu Jian Council.
  2311 | D:3      | Became a worshipper of Vehumet
  2510 | D:4      | Noticed a phantom
  2541 | D:4      | Killed a phantom
  2542 | D:4      | Reached skill level 1 in Hexes
  2542 | D:4      | Gained mutation: A weak demonic guardian rushes to your
                  | aid. [demonic ancestry]
  2542 | D:4      | Reached XP level 5. HP: 19/37 MP: 2/10
  2707 | D:4      | Identified the +4 shortbow of Enust {freeze, rElec rN++
                  | Will-}
  2719 | D:4      | Found a staircase to the Ecumenical Temple.
  2744 | Temple   | Entered the Ecumenical Temple
  2959 | D:4      | Noticed an ogre
  2961 | D:4      | Noticed Edmund
  2980 | D:4      | Slain by Edmund

Illustrated notes

Levels and vault maps discovered:
D:1:      erik_arrival_blinker_ship, layout_rooms, supply_closet_lemuel
D:2:      layout_rooms, minmay_tiny_reverse_x
D:3:      layout_loops_cross, minitemple
D:4:      layout_basic, grunt_gozag_breadcrumbs, minmay_temple_entry_slanted,
          minmay_vboxes, uniq_edmund, uniq_duvessa
Temple:   nicolae_temple_figure_eight

Skill      XL: |  1  2  3  4 |
---------------+-------------+-----
Translocations | 1 |  1.1
Stealth        | 2 |  2.2
Dodging        | 2 |  2.2
Fighting       | 1 |  1.4
Conjurations   | 2 |  2.5
Hexes          | 1 |  1.0
Spellcasting   | |  3.6
Summonings     | |  1.6
Air Magic      | |  0.3
Evocations     | |  0.4

Action                     |  1- 3 |  4- 6 || total
---------------------------+-------+-------++-------
  Melee: Dagger            |    59 |    40 ||    99
         Punch             |     1 |       ||     1
         Headbutt          |     7 |     5 ||    12
   Fire: Shortbow          |       |     6 ||     6
  Throw: Boomerang         |     2 |       ||     2
   Cast: Magic Dart        |    54 |     7 ||    61
         Call Imp          |     6 |     4 ||    10
         Vhi's Electric Ch |       |     2 ||     2
         Slow              |       |     1 ||     1
         Blink             |       |     1 ||     1
    Use: Scroll            |     6 |       ||     6
         Potion            |     2 |     1 ||     3
 Armour: Robe              |    21 |     8 ||    29
  Dodge: Dodged            |    73 |    28 ||   101

Table legend: (Time is in decaauts)
 A = Elapsed time spent in this place.
 B = Non-inter-level travel time spent in this place.
 C = Inter-level travel time spent in this place.
 D = Time resting spent in this place.
 E = Time spent auto-exploring this place.
 F = Levels seen in this place.
 G = Mean time per level.
                   A        B        C        D        E       F      G
               +--------+--------+--------+--------+--------+-----+--------+
         Total |   2982 |   2954 |     28 |    145 |   1944 |   5 |  596.4 |
       Dungeon |   2774 |   2754 |     20 |    145 |   1748 |   4 |  693.5 |
        Temple |    207 |    199 |      8 |      0 |    196 |   1 |  207.0 |
               +--------+--------+--------+--------+--------+-----+--------+

Top non-repeatable levels by time:
     D:1: 896 daAuts
     D:3: 766 daAuts
     D:2: 708 daAuts
     D:4: 403 daAuts
  Temple: 207 daAuts
